 Dungeon Crawl Stone Soup version 0.30-a0-371-gad7725a93e (webtiles) character file.

Game seed: 6268010223337522914

136847 Pooter the Severer (level 16, -2/217 HPs)
             Began as a Minotaur Berserker on Nov 20, 2022.
             Was an Elder of Trog.
             Slain by a nagaraja
             ... wielding a +0 flail
              (5 damage)
             ... on level 1 of the Snake Pit on Nov 21, 2022.
             The game lasted 02:27:53 (34155 turns).

Pooter the Severer (Minotaur Berserker)            Turns: 34155, Time: 02:27:54

Health: -2/217     AC: 28    Str: 27    XL:     16   Next: 67%
Magic:  15/15      EV:  6    Int:  6    God:    Trog [****..]
Gold:   909        SH:  0    Dex: 17    Spells: 15/15 levels left

rFire   + . .      SeeInvis .    a - +7 battleaxe "Goblin's Death Toll" {venom, Fly rPois rN+}
rCold   . . .      Faith    .    (shield currently unavailable)
rNeg    + . .      Spirit   .    n - +4 plate armour {rF+}
rPois   +          Reflect  .    W - +2 hat
rElec   .          Harm     .    C - +1 cloak {rCorr}
rCorr   +          Rampage  .    X - +1 pair of gloves
Will    +++..                    K - +0 pair of boots
Stlth   ..........               (no amulet)
HPRegen 1.56/turn                u - +6 ring of dexterity
MPRegen 0.14/turn                P - ring of poison resistance

@: mighty, berserking (expiring), lethally poisoned (-2 -> -20), weakened,
strong-willed, flying, regenerating, slowed, constricted
A: horns 2, retaliatory headbutt
a: Renounce Religion, Berserk, Trog's Hand, Brothers in Arms


You were on level 1 of the Snake Pit.
You worshipped Trog.
Trog was greatly pleased with you.
You visited 4 branches of the dungeon, and saw 23 of its levels.
You also visited: Ossuary.

You collected 2660 gold pieces.
You spent 1751 gold pieces at shops.

Inventory:

Hand Weapons
 a - the +7 battleaxe "Goblin's Death Toll" (weapon) {venom, Fly rPois rN+}
   (You bought it in a shop on level 2 of the Orcish Mines)

   It poisons the flesh of those it strikes.
   rPois:     It protects you from poison.
   rN:        It protects you from negative energy.
   Fly:       It grants you flight.
 b - a +2 arbalest of flaming
   (You took it off a naga sharpshooter on level 1 of the Snake Pit)
 A - the +5 flail of Voevucad {protect, Str+3}
   (You found it on level 2 of the Dungeon)

   It grants its wielder temporary protection when it strikes (+7 to AC).
   Str:       It affects your strength (+3).
 E - a +0 morningstar of protection
   (You took it off an orc on level 1 of the Orcish Mines)
 T - a +1 demon whip of venom
   (You took it off Amaemon on level 8 of the Dungeon)
 Y - a +4 scimitar of flaming
   (You took it off an efreet on level 14 of the Dungeon)
Missiles
 y - 25 poisoned darts
 D - 16 boomerangs (quivered)
 F - 8 datura-tipped darts
 G - 2 throwing nets {!f}
 L - 14 javelins
 Q - 177 stones
 S - 3 atropa-tipped darts
 U - a silver boomerang
 V - 5 curare-tipped darts
Armour
 n - a +4 plate armour of fire resistance (worn)
   (You took it off an orc warrior on level 9 of the Dungeon)
 C - a +1 cloak of preservation (worn)
   (You took it off Maurice on level 10 of the Dungeon)
 K - a +0 pair of boots (worn)
   (You found it on level 6 of the Dungeon)
 N - a +0 tower shield
   (You found it on level 2 of the Dungeon)
 W - a +2 hat (worn)
   (You found it on level 11 of the Dungeon)
 X - a +1 pair of gloves (worn)
   (You found it on level 12 of the Dungeon)
Jewellery
 u - a +6 ring of dexterity (left hand)
   (You found it on level 8 of the Dungeon)
 x - a ring of flight
   (You found it on level 10 of the Dungeon)
 O - a +6 ring of intelligence
   (You found it in an ossuary)
 P - a ring of poison resistance (right hand)
   (You bought it in a shop on level 1 of the Snake Pit)
Wands
 c - a wand of mindburst (13)
   (You found it on level 3 of the Lair of Beasts)
 d - a wand of iceblast (34)
   (You bought it in a shop on level 8 of the Dungeon)
 f - a wand of flame (45)
   (You found it on level 7 of the Dungeon)
 p - a wand of light (12)
   (You found it on level 2 of the Dungeon)
 z - a wand of charming (10)
   (You took it off a kobold brigand on level 4 of the Dungeon)
 Z - a wand of polymorph (3)
   (You took it off a deep elf pyromancer on level 15 of the Dungeon)
Scrolls
 g - a scroll of magic mapping
 i - 8 scrolls of identify {@r1}
 k - a scroll of noise {!r}
 l - 2 scrolls of summoning
 t - 14 scrolls of teleportation {@r4}
 v - 4 scrolls of fog
 w - 3 scrolls of poison {!r}
 B - 3 scrolls of fear
 J - 3 scrolls of silence
 M - 4 scrolls of immolation {!r}
Potions
 e - 9 potions of curing {@q1}
 h - 5 potions of attraction {!q}
 j - 5 potions of cancellation
 m - a potion of might
 o - 4 potions of haste {@q3}
 q - 3 potions of lignification {!q}
 r - 4 potions of heal wounds {@q2}
 s - a potion of brilliance {unknown}
 H - 4 potions of ambrosia
 I - 5 potions of flight
 R - 5 potions of mutation {!q}


   Skills:
 + Level 13.9 Fighting
 * Level 19.3(19.4) Axes
 - Level 2.9(13.0) Maces & Flails
 * Level 17.0 Ranged Weapons
 + Level 13.1 Armour
 - Level 2.1 Dodging
 - Level 5.0 Shields
 + Level 9.4 Evocations


You had 15 spell levels left.
You didn't know any spells.
Your spell library was empty.

Dungeon Overview and Level Annotations

Branches:
Dungeon (15/15)            Temple (0/1) D:4            Lair (5/5) D:9
 Shoals (0/4) Lair:2        Snake (1/4) Lair:3        Slime (0/5) Lair:5
    Orc (2/2) D:10            Elf (0/3) Orc:2        Vaults (0/5) D:14
 Depths (0/4) D:15        Ossuary (visited)

Altars:
Fedhas
Gozag
Hepliaklqana
Nemelex Xobeh
Ru
Sif Muna
Trog
Vehumet
Zin

Shops:
D:7 (   D:8 *   D:10 *   Orc:1 *   Orc:2 [(*:!   Snake:1 (*

Portals:
Trove: D:11 (give +2 ice dragon scales)


Innate Abilities, Weirdness & Mutations

You have a pair of horns on your head.
You reflexively headbutt those who attack you in melee.


Message History

The nagaraja spits poison at you.
The splash of poison hits you but does no damage.
The nagaraja constricts you.
The naga ritualist hits you but does no damage.
Unknown command.
You closely miss the nagaraja. You headbutt the nagaraja.
You feel sick.
You are more poisoned.
The nagaraja hits you but does no damage.
The nagaraja constricts you.
The nagaraja casts a spell.
The nagaraja seems to speed up.
You slice the nagaraja!!
You headbutt the nagaraja, but do no damage.
You feel sick.
The naga ritualist hits you but does no damage.
The naga ritualist spits poison at you.
The splash of poison hits you but does no damage.
The nagaraja spits poison at you.
The splash of poison hits you but does no damage.
You have difficulty breathing.
* * * LOW HITPOINT WARNING * * *
You feel yourself slow down. The nagaraja constricts you.
The nagaraja casts a spell at you.
The bolt of poison hits the naga ritualist!
The bolt of poison misses you.
You slash the nagaraja!
The nagaraja looks as sick as possible!
You feel very sick.
* * * LOW HITPOINT WARNING * * *
The naga ritualist hits you but does no damage.
The nagaraja hits you but does no damage.
The nagaraja constricts you.
* * * LOW HITPOINT WARNING * * *
The nagaraja gestures at you while chanting.
The bolt of poison hits the naga ritualist.
The bolt of poison hits you.
You are lethally poisoned!
You resist.
* * * LOW HITPOINT WARNING * * *
You hit the nagaraja. You headbutt the nagaraja.
* * * LOW HITPOINT WARNING * * *
You feel extremely sick.
* * * LOW HITPOINT WARNING * * *
You are more poisoned.
The naga ritualist hits you from afar with a +0 trident.
* * * LOW HITPOINT WARNING * * *
The naga ritualist hits you from afar with a +0 halberd!
* * * LOW HITPOINT WARNING * * *
The nagaraja hits you with a +0 flail.
You die...

..#......#######...#######.##....
.......#.#8.⌠.8#.©.#8.⌠.8#.##....
.......#.#..N..#####.....#.#.....
#....###.#.....'..:'.....#)))....
..#### #.##.#..#:::#..#N##..)....
#..# #.#..#.8#⌠_⌠#8.#.:#.......
...# #.##... ######...##.#.....
...# #.#..#..#8©8#NN#.(#.......
...# #.##.#.NN@)N)..#.##.......
#.## #.#.....#.)†#.....#.......
..# #.##.#.###N###.#.##.####..
### #.#..#.# ..N #..#.# #.. .#
#.##.N.#.....#...##.# ##. .#
#.#NN.##.....##. #.# ## .#
#.##..#.......# #.# ###. .## #.#
.#.#...#.# #.###... ..# ###.#
..#8.8#.. #.##....


You could see 2 nagarajas, 2 naga ritualists and 3 naga magi.

Vanquished Creatures
  Jorgrun (D:15)
  An emperor scorpion (D:15)
  An ironbound preserver (D:14)
  A dire elephant (D:14)
  An ettin (Orc:2)
  Erolcha (D:11)
  Fannar (Orc:1)
  4 salamander tyrants (Snake:1)
  A boulder beetle (D:12)
  8 hydras
  4 anacondas (Snake:1)
  4 two-headed ogres
  2 centaur warriors
  A naga warrior (Snake:1)
  5 death yaks (Lair:5)
  5 naga sharpshooters (Snake:1)
  Amaemon (D:8)
  4 salamander mystics (Snake:1)
  4 skeletal warriors (D:15)
  The ghost of gigafelon the Ruffian, a novice TrBe of Trog (D:7)
  3 sea snakes (Snake:1)
  A naga ritualist (Snake:1)
  A wizard (D:14)
  Pikel (D:4)
  A deep elf zephyrmancer (D:11)
  5 ugly things
  5 deep elf pyromancers
  An oklob plant (Lair:2)
  6 cyclopes
  3 mana vipers (Snake:1)
  5 orc sorcerers
  2 manticores
  2 guardian serpents
  14 black mambas
  10 elephants
  3 salamanders (Snake:1)
  3 naga magi (Snake:1)
  2 gargoyles (D:13)
  A rust devil (D:11)
  Maurice (D:10)
  2 orange demons
  2 unseen horrors
  18 cane toads
  7 rime drakes
  10 komodo dragons
  2 efreet (D:14)
  A kobold demonologist (D:14)
  An ice devil (D:11)
  A troll (Orc:1)
  2 hellwings (D:11)
  5 polar bears
  4 meliai
  4 hornets
  4 slime creatures
  Prince Ribbit (D:8)
  7 blink frogs
  12 dream sheep
  13 spriggans
  2 vampires
  2 wraiths (D:11)
  5 wyverns
  Eustachio (D:6)
  5 basilisks
  52 yaks
  Grum (D:10)
  2 chaos spawn (D:11)
  A steam dragon (D:9)
  12 vampire mosquitoes
  Edmund (D:5)
  Menkaure (D:6)
  2 acid dragons
  6 nagas (Snake:1)
  6 wargs
  18 water moccasins
  17 orc warriors
  6 black bears
  A swamp drake (D:11)
  11 ogres
  24 wolves
  5 boggarts (Lair:5)
  6 centaurs
  Blork the orc (D:4)
  3 kobold brigands
  A phantom (D:5)
  16 bullfrogs
  11 scorpions
  6 wights
  10 killer bees
  4 electric eels
  5 howler monkeys
  A crimson imp (D:11)
  A centaur zombie (Ossuary)
  2 hounds (D:5)
  3 jellies
  15 orc priests
  2 iguanas
  An iron imp (D:11)
  Crazy Yiuf (D:4)
  A gnoll bouda (Lair:1)
  48 orc wizards
  Natasha (thrice) (D:3)
  5 scorpion zombies (Ossuary)
  5 hell rats (Lair:5)
  3 mummies (Ossuary)
  13 gnolls
  7 adders
  3 shadow imps
  4 white imps
  4 worms
  7 dart slugs
  92 orcs
  6 ball pythons
  9 endoplasms
  4 giant cockroaches
  8 goblins
  10 hobgoblins
  11 jackals
  3 quokkas
  8 bats
  14 frilled lizards
  A goblin zombie (Ossuary)
  5 hobgoblin zombies (Ossuary)
  14 kobolds
  2 kobold zombies (Ossuary)
  4 orc zombies (Ossuary)
  3 rats
  3 bushes
787 creatures vanquished.

Vanquished Creatures (collateral kills)
  The ghost of AigisTheKnight the Nimble, a journeyman MfIE of Yredelemnul (Orc:1)
  A hornet (Lair:5)
  A black bear (Lair:5)
  2 wolves
  2 orc priests (D:5)
  A gnoll bouda (D:6)
  An orc wizard (D:9)
  3 gnolls (D:6)
  An orc (Orc:1)
13 creatures vanquished.

Vanquished Creatures (others)
  A naga sharpshooter (Snake:1)
  An elephant (Lair:5)
  A yak (Lair:5)
  An orc warrior (Orc:1)
  An orc priest (D:9)
  3 orc wizards
  4 orcs
  31 fungi
  57 plants
  6 withered plants (D:3)
106 creatures vanquished.

Grand Total: 906 creatures vanquished

Notes
Turn   | Place    | Note
-------+----------+-------------------------------------------
     0 | D:1      | Pooter the Minotaur Berserker began the quest for the Orb.
     0 | D:1      | Reached XP level 1. HP: 19/19 MP: 0/0
    98 | D:1      | Reached skill level 4 in Axes
    99 | D:1      | Reached XP level 2. HP: 26/27 MP: 1/1
   189 | D:1      | Reached ** piety under Trog
   237 | D:1      | Reached XP level 3. HP: 32/33 MP: 2/2
   428 | D:1      | Reached skill level 5 in Axes
   938 | D:2      | Reached XP level 4. HP: 31/41 MP: 3/3
  1097 | D:2      | Identified the +5 flail of Voevucad {protect, Str+3}
  1345 | D:2      | Reached *** piety under Trog
  1685 | D:3      | Noticed Natasha
  1696 | D:3      | Killed Natasha
  1697 | D:3      | Reached skill level 1 in Maces & Flails
  1803 | D:3      | You fall into a shaft and drop 1 floor!
  1803 | D:4      | Found a faded altar of an unknown god.
  1803 | D:4      | Found a hazy altar of Hepliaklqana.
  1804 | D:4      | Noticed a kobold brigand
  1808 | D:4      | Killed a kobold brigand
  1809 | D:4      | Reached skill level 6 in Axes
  1809 | D:4      | Reached skill level 1 in Ranged Weapons
  1809 | D:4      | Reached skill level 1 in Shields
  1809 | D:4      | Reached XP level 5. HP: 47/47 MP: 4/4
  1873 | D:4      | Found a staircase to the Ecumenical Temple.
  1907 | D:4      | Noticed Pikel
  1908 | D:4      | Noticed a lemure
  1908 | D:4      | Noticed a lemure
  1916 | D:3      | Noticed Natasha
  1923 | D:3      | Killed Natasha
  1924 | D:3      | Reached skill level 5 in Fighting
  1961 | D:3      | Noticed Natasha
  1967 | D:3      | Killed Natasha
  2024 | D:3      | Reached XP level 6. HP: 56/56 MP: 5/5
  2178 | D:3      | Found a faded altar of an unknown god.
  2182 | D:3      | Found a bloodstained altar of Trog.
  2331 | D:3      | Found a faded altar of an unknown god.
  2525 | D:4      | Killed Pikel
  2526 | D:4      | Reached skill level 7 in Axes
  2526 | D:4      | Reached skill level 1 in Evocations
  2526 | D:4      | Reached XP level 7. HP: 61/61 MP: 6/6
  2989 | D:4      | Found a runed translucent door.
  2990 | D:4      | Noticed Crazy Yiuf
  3035 | D:4      | Noticed Blork the orc
  3043 | D:4      | Killed Blork the orc
  3160 | D:4      | Killed Crazy Yiuf
  3312 | D:5      | Entered Level 5 of the Dungeon
  3435 | D:5      | Reached XP level 8. HP: 64/70 MP: 7/7
  3517 | D:5      | Noticed a hornet
  3528 | D:5      | Killed a hornet
  3529 | D:5      | Reached skill level 8 in Axes
  4097 | D:5      | Reached skill level 5 in Ranged Weapons
  4285 | D:6      | Reached **** piety under Trog
  4409 | D:6      | Noticed Edmund
  4436 | D:5      | Killed Edmund
  4437 | D:5      | Reached skill level 9 in Axes
  4437 | D:5      | Reached XP level 9. HP: 78/78 MP: 8/8
  4543 | D:6      | Noticed Menkaure
  4550 | D:6      | Killed Menkaure
  4703 | D:6      | Noticed Eustachio
  4720 | D:6      | Killed Eustachio
  4721 | D:6      | Reached skill level 5 in Shields
  4808 | D:6      | Reached skill level 5 in Armour
  4931 | D:6      | Noticed a deep elf pyromancer
  4937 | D:6      | Killed a deep elf pyromancer
  5154 | D:7      | Found Vit Jow's Antique Weapon Shoppe.
  5228 | D:7      | Found a large runed translucent door.
  5228 | D:7      | Found a large runed translucent door.
  5230 | D:7      | Noticed gigafelon's ghost (novice TrBe)
  5244 | D:7      | Killed gigafelon's ghost
  5245 | D:7      | Reached skill level 10 in Axes
  5584 | D:7      | Found a sacrificial altar of Ru.
  5702 | D:7      | Found a blossoming altar of Fedhas.
  5986 | D:7      | Reached XP level 10. HP: 79/88 MP: 9/9
  6453 | D:8      | Found a sand-covered staircase.
  6461 | Ossuary  | Entered an ossuary
  6823 | D:8      | Noticed Amaemon
  6830 | D:8      | Killed Amaemon
  6831 | D:8      | Reached skill level 11 in Axes
  7066 | D:8      | Noticed an orange demon
  7077 | D:8      | Killed an orange demon
  7159 | D:8      | Found a shimmering blue altar of Sif Muna.
  7163 | D:8      | Found a glowing silver altar of Zin.
  7271 | D:8      | Noticed Prince Ribbit
  7277 | D:8      | Killed Prince Ribbit
  7410 | D:8      | Found Ateuw's Assorted Antiques.
  7868 | D:9      | Found a sparkling altar of Nemelex Xobeh.
  8265 | D:9      | Reached XP level 11. HP: 71/95 MP: 10/10
  8377 | D:9      | Reached skill level 12 in Axes
  8575 | D:9      | Found a staircase to the Lair.
  8916 | D:8      | Bought a short ivory wand for 76 gold pieces
  8916 | D:8      | Bought a wand of iceblast (6) for 273 gold pieces
  8916 | D:8      | Bought a scroll of identify for 38 gold pieces
  8916 | D:8      | Bought a scroll of identify for 38 gold pieces
  8916 | D:8      | Bought a potion of curing for 57 gold pieces
  8916 | D:8      | Bought a scroll of identify for 38 gold pieces
  9143 | D:10     | Entered Level 10 of the Dungeon
  9143 | D:10     | Noticed Grum
  9153 | D:10     | Killed Grum
  9160 | D:10     | Identified the +2 chain mail "Esoato" {+Blink rF- rN+}
  9200 | D:10     | Noticed a two-headed ogre
  9205 | D:10     | Killed a two-headed ogre
  9305 | D:10     | Reached skill level 10 in Ranged Weapons
  9327 | D:10     | Found a staircase to the Orcish Mines.
  9363 | Orc:1    | Entered Level 1 of the Orcish Mines
  9376 | Orc:1    | Noticed Maurice
  9406 | D:10     | Killed Maurice
  9721 | Orc:1    | Found a runed translucent gate.
  9721 | Orc:1    | Found a runed translucent gate.
  9844 | Orc:1    | Noticed an orc sorcerer
  9851 | Orc:1    | Killed an orc sorcerer
  9890 | Orc:1    | Reached skill level 13 in Axes
  9935 | Orc:1    | Noticed Fannar
  9943 | Orc:1    | Reached skill level 5 in Evocations
  9949 | Orc:1    | Killed Fannar
 10054 | Orc:1    | Found a runed translucent gate.
 10054 | Orc:1    | Found an opulent altar of Gozag.
 10054 | Orc:1    | Noticed AigisTheKnight's ghost (journeyman MfIE)
 10055 | Orc:1    | Found Kuunluda's Assorted Antiques.
 10055 | Orc:1    | Noticed a two-headed ogre
 10565 | Orc:1    | Killed a two-headed ogre
 10568 | Orc:1    | Killed AigisTheKnight's ghost
 10569 | Orc:1    | Reached skill level 10 in Fighting
 10569 | Orc:1    | Reached XP level 12. HP: 29/106 MP: 11/11
 10830 | Orc:1    | Bought a scroll labelled QUCHOC MUDU for 35 gold pieces
 10830 | Orc:1    | Bought a scroll of identify for 70 gold pieces
 10896 | Orc:2    | Entered Level 2 of the Orcish Mines
 10903 | Orc:2    | Noticed an ettin
 10913 | Orc:2    | Killed an ettin
 11195 | Orc:2    | Found a staircase to the Elven Halls.
 11617 | Orc:2    | Reached ***** piety under Trog
 12342 | Orc:2    | Found Viockew's Assorted Antiques.
 12351 | Orc:2    | Bought a black potion for 34 gold pieces
 12457 | Orc:2    | Received a gift from Trog
 13013 | Orc:2    | Reached skill level 14 in Axes
 14057 | Orc:2    | Found Enky's Antique Armour Boutique.
 14057 | Orc:2    | Found Coiptij's Antique Weapon Emporium.
 14122 | Orc:2    | Bought a crystal battleaxe for 379 gold pieces
 14122 | Orc:2    | Identified the +7 battleaxe "Goblin's Death Toll" {venom,
                  | Fly rPois rN+} (You bought it in a shop on level 2 of the
                  | Orcish Mines)
 14479 | Orc:2    | Found Desosuj's Book Boutique.
 14479 | Orc:2    | Found Kug Jekk's Distillery.
 14500 | Orc:2    | Bought a potion of heal wounds for 55 gold pieces
 14500 | Orc:2    | Bought a potion of might for 44 gold pieces
 14500 | Orc:2    | Bought a potion of flight for 33 gold pieces
 14500 | Orc:2    | Bought a potion of haste for 110 gold pieces
 14500 | Orc:2    | Bought a potion of curing for 33 gold pieces
 14500 | Orc:2    | Bought a potion of mutation for 88 gold pieces
 14766 | D:10     | Found Cekol's Assorted Antiques.
 15255 | Lair:1   | Entered Level 1 of the Lair of Beasts
 16046 | Lair:2   | Found a staircase to the Shoals.
 16252 | Lair:2   | Found a blossoming altar of Fedhas.
 16707 | Lair:2   | Reached XP level 13. HP: 101/116 MP: 12/12
 17088 | Lair:2   | Reached skill level 10 in Armour
 17245 | Lair:3   | You are sucked into a shaft and drop 2 floors!
 17245 | Lair:5   | Entered Level 5 of the Lair of Beasts
 17267 | Lair:5   | Found a staircase to the Slime Pits.
 17272 | Lair:5   | Reached skill level 15 in Axes
 17297 | Lair:4   | HP: 2/116 [yak (6)]
 17302 | Lair:4   | HP: 1/116 [cane toad (15)]
 17549 | Lair:4   | Identified the +5 shortbow "Dyolea" {speed, rCorr Str-5
                  | SInv}
 17615 | Lair:3   | Found a staircase to the Snake Pit.
 19888 | Lair:4   | Reached skill level 16 in Axes
 20911 | Lair:5   | Reached XP level 14. HP: 99/126 MP: 13/13
 21943 | Lair:5   | Reached skill level 17 in Axes
 22290 | Lair:5   | Reached skill level 15 in Ranged Weapons
 22290 | Lair:5   | Reached XP level 15. HP: 134/134 MP: 14/14
 23309 | D:11     | Found a portal to a secret trove of treasure.
 23349 | D:11     | Noticed Erolcha
 23354 | D:11     | Killed Erolcha
 23361 | D:11     | Identified the +9 hand axe "Sydi" {vorpal, rPois Str+3}
                  | (Trog gifted it to you on level 11 of the Dungeon)
 23361 | D:11     | Received a gift from Trog
 23657 | D:11     | Reached skill level 18 in Axes
 26547 | D:14     | Reached XP level 16. HP: 137/143 MP: 15/15
 26868 | D:14     | Found a gate to the Vaults.
 27069 | D:15     | Entered Level 15 of the Dungeon
 27380 | D:15     | Noticed Jorgrun
 27390 | D:15     | Killed Jorgrun
 28297 | D:15     | Found a staircase to the Depths.
 28766 | Snake:1  | Entered Level 1 of the Snake Pit
 29287 | Snake:1  | Reached skill level 19 in Axes
 33107 | Snake:1  | Found a transporter.
 33120 | Snake:1  | Found a radiant altar of Vehumet.
 33518 | Snake:1  | Identified the +6 hand axe "Xynent" {vorpal, Str+8}
 33902 | Snake:1  | Found Teetel's Assorted Antiques.
 33910 | Snake:1  | Bought a scroll of enchant weapon for 210 gold pieces
 33910 | Snake:1  | Bought an agate ring for 140 gold pieces
 33915 | Snake:1  | Found Itetaep's Weapon Shop.
 34155 | Snake:1  | HP: 3/217 [naga ritualist/+0 halberd (8)]
 34155 | Snake:1  | Slain by a nagaraja

Illustrated notes

Levels and vault maps discovered:
D:1:      dpeg_arrival_rooms_with_view, layout_basic, minmay_misc_feat_doors,
          minmay_lizard_pond
D:2:      layout_loops_ring
D:3:      layout_loops_ring, nicolae_overflow_ecumenical_swirl,
          ebering_ecumenical_altar_petrified, feat_on_display, uniq_natasha
D:4:      layout_rooms, beargit_hepliaklqana_dungeon_heroes,
          minmay_temple_entry_statues_fountains, uniq_pikel,
          uniq_crazy_yiuf_cottage, uniq_blork_the_orc
D:5:      layout_basic, lightli_corner_chamber
D:6:      layout_cave_pools, guppyfry_early_elven_hall, uniq_menkaure,
          uniq_eustachio, uniq_edmund
D:7:      layout_basic, mainiacjoe_overflow_alcove_2,
          lemuel_coloured_pillars_altar, ebering_ghost_disaster_area,
          serial_shops, nicolae_diamond_shop
D:8:      layout_rooms, nicolae_overflow_squiral, chequers_ossuary_entry_cave,
          nicolae_take_the_stairs, minmay_misc_feat_secret_circle,
          minmay_fractal_squares_5, uniq_amaemon, uniq_prince_ribbit1
D:9:      layout_loops_corners, kennysheep_mini_moat,
          grunt_lair_entry_orc_guard_hut
D:10:     layout_small_grid, erik_orc_3, serial_shops, shop,
          chequers_serial_rivers_room_b, uniq_grum
D:11:     layout_basic, nicolae_trove_entry_columns, serial_demonic,
          serial_demonic_a, serial_demonic_e, serial_demonic_g,
          serial_demonic_d, hangedman_minor_magic, uniq_erolcha
D:12:     layout_stronghold, ldierk_geyser
D:13:     layout_loops_ring
D:14:     layout_basic, skrybe_vaults_entry_preservation, wad_floor_pattern_2,
          hangedman_decor_lopped, eino_small_chamber_without_monster
D:15:     hangedman_depths_entry_try_elsewhere_first, layout_loops_ring,
          hangedman_abyss_or_decor_slice, uniq_jorgrun
Lair:1:   layout_roguey, dreamdust_gnoll_shepherd
Lair:2:   layout_cave_pods, shoals_dummy_entry, tgw_fedhas, lemuel_fruit_tree
Lair:3:   layout_loops_ring, minmay_snake_entry_spellcaster,
          grunt_forest_large_clearing_hut
Lair:4:   layout_long_grid, hangedman_lair_generics_rect, grunt_megastairs_2,
          serial_bayou_shore_b
Lair:5:   minmay_lair_end_enchanted_forest, layout_cave_pods,
          nicolae_slime_entry_slimehenge
Snake:1:  gammafunk_sealed_library, layout_layer_cave, minmay_shop_star,
          serial_bayou_shore_b, serial_bayou_shore_a
Orc:1:    nicolae_orc_accident_2, layout_caves, ebering_ghost_gozag,
          guppyfry_library_mini, uniq_fannar, uniq_maurice
Orc:2:    st_orc_town, layout_caves, basic_altar, serial_shops,
          nicolae_shop_advertising_works [nicolae_subvault_shop_adworks]

Skill      XL: |  1  2  3  4  5  6  7  8  9 10 11 12 13 14 15 16 |
---------------+-------------------------------------------------+-----
Axes           | 4 5 6 7 9 10 11 13 14 16 17 18 19 | 19.3
Fighting       | 4 5 6 7 8 10 11 12 13 | 13.9
Maces & Flails | 1 2 |  2.9
Ranged Weapons | 1 2 3 5 7 9 11 12 13 15 16 17 | 17.0
Shields        | 1 2 3 4 5 |  5.0
Evocations     | 1 2 4 5 6 7 8 9 |  9.4
Armour         | 3 4 6 7 8 9 11 12 13 | 13.1
Dodging        | |  2.1

Action                   |  1- 3 |  4- 6 |  7- 9 | 10-12 | 13-15 | 16-18 || total
-------------------------+-------+-------+-------+-------+-------+-------++-------
Melee: Hand axe          |   100 |    14 |       |       |       |       ||   114
       Headbutt          |    13 |     9 |    33 |    92 |   153 |    49 ||   349
       Flail             |       |    49 |     4 |       |    12 |       ||    65
       War axe           |       |       |   198 |    11 |       |       ||   209
       Punch             |       |       |     1 |       |     1 |       ||     2
       Battleaxe         |       |       |       |   439 |   555 |   185 ||  1179
 Fire: Sling             |       |    18 |    19 |       |       |       ||    37
       Arbalest          |       |       |    19 |   254 |   112 |    76 ||   461
Throw: Stone             |       |     1 |       |       |       |       ||     1
       Dart              |       |       |     3 |     2 |       |       ||     5
       Boomerang         |       |       |       |       |    13 |       ||    13
Invok: Berserk           |       |     2 |     8 |    16 |    11 |     7 ||    44
       Trog's Hand       |       |     1 |     4 |    20 |    16 |     8 ||    49
       Brothers in Arms  |       |       |       |     1 |     1 |       ||     2
Evoke: Wand              |       |       |    10 |    11 |     5 |     6 ||    32
  Use: Scroll            |     2 |     4 |     3 |    18 |     9 |     4 ||    40
       Potion            |       |       |       |     3 |     7 |     6 ||    16
 Stab: Invisible         |       |       |     1 |     2 |       |       ||     3
Armor: Scale mail        |    54 |    15 |       |       |       |       ||    69
       Animal skin       |     1 |       |       |       |       |       ||     1
       Plate armour      |       |    23 |   144 |   353 |   425 |   189 ||  1134
Dodge: Dodged            |    39 |    22 |    37 |   189 |   256 |    82 ||   625
Block: Tower shield      |       |    32 |   105 |       |       |       ||   137

Table legend: (Time is in decaauts)
 A = Elapsed time spent in this place.
 B = Non-inter-level travel time spent in this place.
 C = Inter-level travel time spent in this place.
 D = Time resting spent in this place.
 E = Time spent auto-exploring this place.
 F = Levels seen in this place.
 G = Mean time per level.
                   A        B        C        D        E       F      G
               +--------+--------+--------+--------+--------+-----+--------+
         Total |  34809 |  33649 |   1160 |  12223 |  15866 |  24 | 1450.4 |
       Dungeon |  16194 |  15429 |    765 |   2913 |   9695 |  15 | 1079.6 |
          Lair |   8088 |   7785 |    303 |   2205 |   4430 |   5 | 1617.6 |
     Snake Pit |   4847 |   4847 |      0 |   3873 |    661 |   1 | 4847.0 |
  Orcish Mines |   5324 |   5233 |     91 |   3223 |    925 |   2 | 2662.0 |
       Ossuary |    354 |    354 |      0 |      7 |    155 |   1 |  354.0 |
               +--------+--------+--------+--------+--------+-----+--------+

Top non-repeatable levels by time:
 Snake:1: 4847 daAuts
   Orc:2: 3352 daAuts
  Lair:3: 2486 daAuts
   Orc:1: 1972 daAuts
  Lair:4: 1757 daAuts
  Lair:5: 1702 daAuts
     D:9: 1524 daAuts
    D:14: 1399 daAuts
    D:15: 1327 daAuts
     D:7: 1283 daAuts
    D:11: 1270 daAuts
  Lair:2: 1264 daAuts
     D:8: 1120 daAuts
     D:5: 1067 daAuts
    D:13: 1038 daAuts
